 Dungeon Crawl Stone Soup version 0.20-a0-495-g2241292 (webtiles) character file.

115 Jmtri7 the Slasher (level 5, -12/41 HPs)
             Began as a Merfolk Monk on Jan 18, 2017.
             Mangled by an ogre
             ... wielding a +0 giant club
              (16 damage)
             ... on level 3 of the Dungeon on Jan 19, 2017.
             The game lasted 00:05:29 (2653 turns).

Jmtri7 the Slasher (Merfolk Monk)                   Turns: 2653, Time: 00:05:29

Health: -12/41     AC:  4    Str: 11    XL:     5   Next: 0%
Magic:  5/5        EV: 14    Int:  9    God:
Gold:   209        SH:  0    Dex: 18    Spells: 4/4 levels left

rFire    . . .     SeeInvis .   a - +0 falchion
rCold    . . .     Gourm    .   b - +0 robe
rNeg     . . .     Faith    .   (no shield)
rPois    .         Spirit   .   (no helmet)
rElec    .         Reflect  .   q - +1 cloak
rCorr    .         Harm     .   (no gloves)
MR       .....                  (no boots)
Stlth    ++........             (no amulet)
Regen    0.2/turn               (no ring)
                                (no ring)

@: no status effects
A: change form in water, swift swim, stealthy swim
a: no special abilities


You were on level 3 of the Dungeon.
You were not hungry.

You visited 1 branch of the dungeon, and saw 4 of its levels.

You collected 209 gold pieces.

Inventory:

Hand Weapons
 a - a +0 falchion (weapon)
Armour
 b - a +0 robe (worn)
 q - a +1 cloak (worn)
Wands
 t - a wand of polymorph (9/24)
Scrolls
 d - 4 scrolls of identify {unknown}
 f - a scroll of fear {unknown}
 i - 2 scrolls of enchant armour {unknown}
 j - 3 scrolls of teleportation {unknown}
 l - a scroll of blinking {unknown}
 p - a scroll of remove curse {unknown}
 r - 2 scrolls of recharging {unknown}
Potions
 e - 2 potions of curing {unknown}
 h - a potion of flight {unknown}
 k - a potion of brilliance {unknown}
 m - a potion of heal wounds {unknown}
 o - 2 potions of ambrosia {unknown}
 s - a potion of cure mutation {unknown}
Comestibles
 c - a bread ration
 g - 3 meat rations
 n - a beef jerky
 u - 6 chunks of flesh


   Skills:
 - Level 3.2 Fighting
 + Level 6.0 Long Blades
 - Level 4.0 Dodging
 - Level 2.1 Stealth


You had 4 spell levels left.
You didn't know any spells.

Dungeon Overview and Level Annotations

Branches:
Dungeon (4/15)
 Temple: D:4-7

Altars:

Annotations:
D:4 Sigmund


Message History

Found a stone staircase leading down.
You barely miss the ogre. The ogre hits you with a giant club!
Sigmund shouts!
You hit the ogre.
The ogre is moderately wounded.
There is a stone staircase leading up here.
The ogre closely misses you.
You riposte.
You hit the ogre but do no damage.
The ogre is moderately wounded.
You climb upwards.
There is a stone staircase leading down here.
The ogre hits you with a giant club!
* * * LOW HITPOINT WARNING * * *
You hit the ogre.
The ogre is moderately wounded.
The ogre misses you.
You riposte.
You hit the ogre.
The ogre is heavily wounded.
You hit the ogre.
The ogre is heavily wounded.
The ogre hits you with a giant club!
You die...

#.(.....###.# #.#
#####...........# #.#
............##### #.#
.....######## ###.#
.........# #<#.#
.........# #.#.#
.........########.#.#
................>.#.#
.........#######@O#.#
########## #..#.#
#..#.# #..#.# #..#.#
#..#.# ####### #....#
#.....# #.#########
##.....# #.##......#


You could see an ogre.

Vanquished Creatures
  A howler monkey skeleton (D:4)
  3 adders (D:3)
  3 worms
  3 leopard geckos
  3 orcs (D:3)
  2 ball pythons
  6 giant cockroaches
  6 goblins
  7 hobgoblins
  2 jackals (D:1)
  A quokka (D:2)
  11 bats
  2 frilled lizards (D:1)
  4 kobolds
  6 rats
60 creatures vanquished.

Notes
Turn   | Place    | Note
-------+----------+-------------------------------------------
     0 | D:1      | Jmtri7 the Merfolk Monk began the quest for the Orb.
     0 | D:1      | Reached XP level 1. HP: 18/18 MP: 1/1
    57 | D:1      | Reached XP level 2. HP: 19/24 MP: 2/2
    65 | D:1      | Reached skill level 4 in Long Blades
   356 | D:1      | Reached XP level 3. HP: 27/29 MP: 3/3
  1149 | D:2      | Reached skill level 5 in Long Blades
  1345 | D:3      | Reached XP level 4. HP: 13/35 MP: 4/4
  1545 | D:3      | Upgraded the game from 0.20-a0-494-gf50ee04 to 0.20-a0-495-g2241292
  2599 | D:4      | Reached skill level 6 in Long Blades
  2620 | D:4      | Reached XP level 5. HP: 28/41 MP: 5/5
  2635 | D:4      | Noticed an ogre
  2637 | D:4      | Noticed Sigmund
  2653 | D:3      | Mangled by an ogre

Vault maps used:
D:1:      dpeg_arrival_tiny_j, serial_forest, infiniplex_forest_lined_3,
          infiniplex_forest_3_way, infiniplex_forest_clump_small,
          infiniplex_forest_clump_C, infiniplex_forest_lined_room_3,
          infiniplex_forest_straight_2
D:4:      nicolae_overflow_hidden_temple, minmay_goblin_outpost, uniq_sigmund

Skill      XL: |  1  2  3  4 |
---------------+-------------+-----
Long Blades    | 4 5 6 |  6.0
Fighting       | |  3.2
Dodging        | |  4.0
Stealth        | |  2.1

Action                   |  1- 3 |  4- 6 || total
-------------------------+-------+-------++-------
Melee: Falchion          |   109 |    72 ||   181
 Stab: Sleeping          |     4 |     4 ||     8
  Eat: Chunk             |     1 |     5 ||     6
Armor: Robe              |    28 |    12 ||    40
Dodge: Dodged            |    85 |    38 ||   123
       Rpst.: Falchion   |    22 |    18 ||    40
